 Dungeon Crawl Stone Soup version 0.30-a0-924-g0ad0bf95bc (webtiles) character file.

Game seed: 5623354112199119701

20311 Mesmaeker13 the Martial Artist (level 12, -1/103 (105) HPs)
             Began as an Octopode Transmuter on Mar 22, 2023.
             Was an Elder of Wu Jian.
             Slain by a lindwurm (8 damage)
             ... on level 3 of the Lair of Beasts.
             The game lasted 00:25:56 (15410 turns).

Mesmaeker13 the Martial Artist (OpTm)              Turns: 15410, Time: 00:25:57

HP:   -1/103 (105)  AC:  8    Str: 10 (11) XL:     12   Next: 78%
MP:   12/15         EV: 10    Int: 16 (17) God:    Wu Jian [****..]
Gold: 759           SH:  5    Dex: 12 (14) Spells: 1/15 levels left

rFire   x . .      SeeInvis .      - Unarmed
rCold   + + +      Faith    .    (shield currently unavailable)
rNeg    + . .      Spirit   .    (helmet currently unavailable)
rPois   +          Reflect  +    k - amulet of reflection
rElec   .          Rampage  .    e - ring of positive energy
rCorr   .                        x - ring of willpower
Will    +....                    o - ring of poison resistance
Stlth   +                        (no ring)
HPRegen 0.37/turn                (no ring)
MPRegen 0.14/turn                (no ring)
                                 (no ring)
                                 (no ring)

@: ice-form, lightly drained
A: freezing attack, boosted hp, almost no armour, amphibious, 8 rings, large,
(camouflage 1), (gelatinous body 1), (nimble swimmer 1), (tentacles), (large
bone plates 1), deterioration 1
a: End Transformation, Renounce Religion, Wall Jump, Serpent's Lash


You were on level 3 of the Lair of Beasts.
You worshipped Wu Jian.
Wu Jian was greatly pleased with you.
You were a creature of crystalline ice.
You visited 3 branches of the dungeon, and saw 13 of its levels.

You collected 759 gold pieces.

Inventory:

Hand Weapons
 z - a +1 scimitar of freezing
 D - a +4 trident
Missiles
 i - 19 poisoned darts (quivered)
 p - 3 throwing nets
 C - a curare-tipped dart
Armour
 r - a +0 kite shield
Jewellery
 e - a ring of positive energy (left front paw)
 k - an amulet of reflection (around neck)
 o - a ring of poison resistance (on tentacle)
 x - a ring of willpower (right front paw)
 H - a ring of fire
 J - the ring "Sonwof" {*Slow rC+ rN+ Str+6 Int+4}
   (You found it on level 2 of the Lair of Beasts)

   [ring of strength]

   Str:       It affects your strength (+6).
   Int:       It affects your intelligence (+4).
   rC:        It protects you from cold.
   rN:        It protects you from negative energy.
   *Slow:     It may slow you when you take damage.
Wands
 s - a wand of paralysis (17)
 G - a wand of acid (3)
Scrolls
 d - a scroll of vulnerability
 f - 3 scrolls of magic mapping
 g - 2 scrolls of immolation
 j - 5 scrolls of enchant armour
 l - 3 scrolls of noise
 m - 2 scrolls of blinking
 n - 3 scrolls of teleportation
 v - 4 scrolls of amnesia
 w - 4 scrolls of fog
 y - a scroll of silence
 A - a scroll of poison
 I - a scroll of enchant weapon
 K - a scroll of brand weapon
Potions
 a - 2 potions of lignification
 b - a potion of heal wounds
 c - 2 potions of flight
 h - 3 potions of brilliance
 q - a potion of might
 t - a potion of degeneration
 u - 3 potions of resistance
 B - 2 potions of attraction
 E - 2 potions of curing


   Skills:
 + Level 10.3 Fighting
 - Level 2.0 Dodging
 + Level 10.8 Unarmed Combat
 - Level 2.0 Spellcasting
 + Level 4.9 Conjurations
 - Level 9.3 Transmutations
 - Level 8.6 Ice Magic
 + Level 4.8 Air Magic
 + Level 5.9 Poison Magic


You had one spell level left.
You knew the following spells:

 Your Spells              Type           Power      Damage    Failure   Level
a - Blade Hands           Tmut           15%        N/A       13%         5
b - Wereblood             Tmut           31%        N/A       1%          2
c - Ice Form              Ice/Tmut       30%        N/A       5%          4
d - Mephitic Cloud        Conj/Pois/Air  18%        N/A       8%          3

Your spell library contained the following spells:

 Spells                   Type           Power      Damage    Failure   Level
 Beastly Appendage        Tmut           62%        N/A       1%          1
 Magic Dart               Conj           68%        1d6       2%          1
 Spider Form              Tmut/Pois      25%        N/A       2%          3
 Airstrike                Air            8%         2d(2-18)  28%         4
 Call Imp                 Summ           1%         N/A       30%         2
 Lesser Beckoning         Tloc           2%         N/A       30%         2
 Gell's Gravitas          Tloc           1%         N/A       52%         3
 Portal Projectile        Hex/Tloc       2%         N/A       52%         3
 Teleport Other           Tloc           1%         N/A       52%         3
 Tukima's Dance           Hex            1%         N/A       52%         3
 Summon Lightning Spire   Summ/Air       9%         N/A       61%         4
 Iskenderun's Battlesphe  Conj           17%        2d7       61%         5
 Animate Dead             Necr           1%         N/A       90%         4
 Plasma Beam              Fire/Air       4%         2x1d16    91%         5
 Iron Shot                Conj/Erth      4%         9d2       100%        6
 Haunt                    Necr/Summ      0%         N/A       100%        7
 Spellforged Servitor     Conj/Summ      4%         N/A       100%        7
 Infestation              Necr           0%         N/A       100%        8


Dungeon Overview and Level Annotations

Branches:
Dungeon (9/15)             Temple (1/1) D:6            Lair (3/5) D:9
 Shoals (0/4) Lair:3       Spider (0/4) Lair:3
    Orc: D:9-12

Altars:
Ashenzari
Cheibriados
Dithmenos
Elyvilon
Fedhas
Gozag
Hepliaklqana
Kikubaaqudgha
Makhleb
Nemelex Xobeh
Okawaru
Qazlal
Ru
Sif Muna
Trog
Uskayaw
Vehumet
Wu Jian
Xom
Yredelemnul
Zin
The Shining One

Shops:
D:3 (

Annotations:
D:2 exclusions: door and 3 more exclusions
Lair:3 exclusion: oklob plant


Innate Abilities, Weirdness & Mutations

You are a creature of crystalline ice.
You have a powerful freezing melee attack.
Your maximum health is increased.
Your armour is entirely melded.
You are incapable of wielding weapons or throwing items.
You cannot wear most types of armour.
You are amphibious.
You can wear up to eight rings at the same time.
((Your skin changes colour to match your surroundings (Stealth+).))
((Your rubbery body absorbs attacks. (AC +1, EV +1)))
((You are camouflaged when in or above water. (Stealth+)))
((You have tentacles for arms and can constrict up to eight enemies at once.))
((You are partially covered in large bone plates. (SH +4)))
Your body sometimes deteriorates upon taking damage.


Message History

There are monsters nearby!
Casting: Wereblood (safe; 1% risk of failure)
Confirm with . or Enter, or press ? or * to list all spells.
You turn into a creature of crystalline ice.
You lunge at the polar bear.
You punch the polar bear! You freeze the polar bear.
The polar bear is moderately wounded.
The polar bear bites you. The polar bear claws you.
The polar bear claws you but does no damage.
You hit the polar bear but do no damage.
The polar bear is moderately wounded.
You block the polar bear's attack. The polar bear claws you. x2
You punch the polar bear! You freeze the polar bear.
The polar bear is heavily wounded.
The polar bear bites you! The polar bear closely misses you.
The polar bear barely misses you.
You punch the polar bear!
The polar bear is severely wounded.
The lindwurm breathes flames at you. The blast of flame hits you!!!
The fire burns you terribly!
Your body deteriorates!
You feel weakened. You block the polar bear's attack.
The polar bear claws you but does no damage.
The polar bear claws you.
You pummel the polar bear!! You freeze the polar bear.
You kill the polar bear!
The Council accepts your kill.
You hit the lindwurm but do no damage. You hit the lindwurm.
You freeze the lindwurm.
The lindwurm is moderately wounded.
The lindwurm breathes flames at you. The blast of flame hits you!!
The fire burns you terribly!
* * * LOW HITPOINT WARNING * * *
You punch the lindwurm! You freeze the lindwurm.
The lindwurm is heavily wounded.
The lindwurm bites you!
* * * LOW HITPOINT WARNING * * *
Your body deteriorates!
You feel clumsy. The lindwurm claws you!
You die...

#### ########## ###
P#.####.P#.#.#.###..###.
........................
................k†......
...............#Y#
................##
P..#.....##..#..#
#####......###..#
#......###P.## ....##
##.....# #P.# ....≈..#
#.....## #P.# #≈≈ #..
##....## #..P ##.s #
#.....# ##.. ##..> #


You could see a lindwurm (catching breath).

Vanquished Creatures
  A hydra (Lair:3)
  A skyshark (Lair:3)
  6 elephants (Lair:1)
  Joseph (D:7)
  2 black mambas
  A cane toad (Lair:2)
  3 rime drakes
  4 komodo dragons
  A troll (D:8)
  A hornet (D:5)
  2 polar bears
  12 blink frogs
  2 dream sheep (Lair:2)
  A culicivora (Lair:3)
  2 jumping spiders (Lair:3)
  37 yaks
  A wyvern (D:7)
  2 redbacks (Lair:3)
  4 water moccasins
  2 acid dragons (D:9)
  3 orc warriors
  2 black bears
  An ice beast (D:6)
  An ogre (D:5)
  2 centaurs (Lair:3)
  4 wolves (Lair:1)
  A kobold brigand (D:9)
  A phantom (D:5)
  Blork the orc (D:6)
  6 bullfrogs
  2 scorpions (D:5)
  15 wights
  4 killer bees (D:9)
  A howler monkey (D:7)
  3 hounds
  A gnoll bouda (Lair:2)
  A jelly (D:7)
  5 orc priests
  A sleepcap (D:7)
  4 iguanas
  9 orc wizards
  7 hell rats (Lair:3)
  Robin (D:2)
  14 gnolls
  10 adders
  2 white imps
  4 worms
  3 dart slugs
  33 orcs
  3 ball pythons
  5 bats
  7 endoplasms
  12 goblins
  10 hobgoblins
  4 quokkas
  A frilled lizard (D:1)
  12 kobolds
  5 rats
  A butterfly (Lair:1)
288 creatures vanquished.

Vanquished Creatures (others)
  6 fungi
  19 plants
  6 withered plants (D:2)
31 creatures vanquished.

Grand Total: 319 creatures vanquished

Notes
Turn   | Place    | Note
-------+----------+-------------------------------------------
     0 | D:1      | Mesmaeker13 the Octopode Transmuter began the quest for the
                  | Orb.
     0 | D:1      | Reached XP level 1. HP: 13/13 MP: 3/3
   294 | D:1      | Reached XP level 2. HP: 18/18 MP: 3/5
   894 | D:2      | Learned a level 2 spell: Wereblood
   900 | D:2      | Reached XP level 3. HP: 24/24 MP: 4/6
  1278 | D:2      | Found a faded altar of an unknown god.
  1386 | D:2      | Reached XP level 4. HP: 29/29 MP: 5/7
  1632 | D:2      | Noticed Robin
  1827 | D:3      | Learned a level 4 spell: Ice Form
  1881 | D:3      | Found Saakestro's Weapon Emporium.
  2652 | D:4      | Reached XP level 5. HP: 35/35 MP: 6/8
  2750 | D:4      | Reached skill level 1 in Ice Magic
  2777 | D:4      | Noticed a black bear
  3598 | D:5      | Entered Level 5 of the Dungeon
  3812 | D:4      | Reached XP level 6. HP: 41/42 MP: 3/9
  3866 | D:4      | Killed a black bear
  4142 | D:4      | Reached XP level 7. HP: 27/46 MP: 5/10
  4554 | D:5      | Noticed a hornet
  4582 | D:5      | Reached skill level 5 in Unarmed Combat
  4978 | D:5      | Paralysed by a hornet for 2 turns
  4987 | D:5      | Killed a hornet
  4988 | D:5      | Reached skill level 5 in Transmutations
  4988 | D:5      | Reached XP level 8. HP: 6/54 MP: 8/11
  5831 | D:2      | Killed Robin
  5994 | D:6      | Found a staircase to the Ecumenical Temple.
  6003 | Temple   | Entered the Ecumenical Temple
  6100 | Temple   | Became a worshipper of the Wu Jian Council
  6242 | D:6      | Reached skill level 5 in Fighting
  6440 | D:6      | Noticed Blork the orc
  6451 | D:6      | Killed Blork the orc
  6771 | D:7      | Noticed Joseph
  6784 | D:7      | Killed Joseph
  6785 | D:7      | Reached skill level 5 in Ice Magic
  6785 | D:7      | Reached XP level 9. HP: 35/62 MP: 8/12
  6929 | D:6      | Reached * piety under Wu Jian
  7366 | D:7      | Reached XP level 10. HP: 69/69 MP: 6/13
  7704 | D:7      | Found an iron altar of Okawaru.
  8082 | D:8      | Reached ** piety under Wu Jian
  8408 | D:8      | Found a broken altar of Ashenzari.
  8670 | D:9      | Learned a level 5 spell: Blade Hands
  8904 | D:9      | Gained mutation: Your body sometimes deteriorates upon
                  | taking damage. [potion of mutation]
  8904 | D:9      | Gained mutation: You are partially covered in large bone
                  | plates. (SH +4) [potion of mutation]
  9759 | D:9      | Found a staircase to the Lair.
  9933 | D:9      | Reached XP level 11. HP: 77/77 MP: 9/14
  9973 | D:9      | Reached *** piety under Wu Jian
 10367 | Lair:1   | Entered Level 1 of the Lair of Beasts
 11009 | Lair:1   | Learned a level 3 spell: Mephitic Cloud
 11129 | Lair:1   | Reached skill level 1 in Conjurations
 11129 | Lair:1   | Reached skill level 1 in Air Magic
 11129 | Lair:1   | Reached skill level 1 in Poison Magic
 11830 | Lair:1   | Reached skill level 10 in Unarmed Combat
 11952 | Lair:1   | Reached XP level 12. HP: 86/86 MP: 11/15
 13376 | Lair:2   | Found a sacrificial altar of Ru.
 13495 | Lair:2   | Identified the ring "Sonwof" {*Slow rC+ rN+ Str+6 Int+4}
 13781 | Lair:3   | Noticed a skyshark
 13788 | Lair:3   | Killed a skyshark
 13894 | Lair:3   | Identified the +2 robe "Plog" {rPois Will+}
 13927 | Lair:3   | Reached skill level 10 in Fighting
 13939 | Lair:3   | Reached skill level 5 in Poison Magic
 13943 | Lair:3   | HP: 5/104 [yak (11)]
 14272 | Lair:3   | Reached **** piety under Wu Jian
 14357 | Lair:3   | Found a hole to the Spider Nest.
 15121 | Lair:3   | Noticed a seven-headed hydra
 15149 | Lair:3   | Killed a seven-headed hydra
 15372 | Lair:3   | Found a staircase to the Shoals.
 15410 | Lair:3   | Slain by a lindwurm

Illustrated notes

Levels and vault maps discovered:
D:1:      elethiomel_arrival_maze, layout_basic, grunt_decor_junction
D:2:      layout_basic, ebering_ecumenical_altar_petrified, uniq_robin
D:3:      layout_loops_cross, serial_shops, shop
D:4:      layout_basic, supply_closet_lemuel
D:5:      layout_cave_pods
D:6:      layout_basic, temple_green, uniq_blork_the_orc
D:7:      layout_loops_cross, kennysheep_okawaru_gauntlet, uniq_joseph
D:8:      layout_basic, cheibrodos_ashenzari_chains, minmay_misc_feat_roman
D:9:      layout_gridville, lair_entry_dummy
Temple:   nicolae_temple_slightly_damp_pantheon
Lair:1:   layout_cave_pods, lemuel_fruit_fields
Lair:2:   layout_cave_pods, basic_altar, dreamdust_gnoll_shepherd
Lair:3:   layout_chaotic_city, minmay_shoals_entry_centaurs,
          nicolae_spider_entry_tight_spaces

Skill      XL: |  1  2  3  4  5  6  7  8  9 10 11 12 |
---------------+-------------------------------------+-----
Fighting       | 2 3 4 5 6 8 9 10 | 10.3
Transmutations | 3 4 5 6 7 8 9 |  9.3
Unarmed Combat | 4 5 6 7 8 10 | 10.8
Ice Magic      | 1 2 3 5 6 7 8 |  8.6
Conjurations   | 2 4 |  4.9
Air Magic      | 2 4 |  4.8
Poison Magic   | 3 5 |  5.9
Dodging        | |  2.0
Spellcasting   | |  2.0

Action                     |  1- 3 |  4- 6 |  7- 9 | 10-12 || total
---------------------------+-------+-------+-------+-------++-------
  Melee: Unarmed           |    56 |   133 |   179 |   485 ||   853
         Constrict         |    14 |    31 |     5 |     3 ||    53
         Tentacles         |    14 |    17 |     4 |     2 ||    37
         Kick              |    15 |    44 |     1 |       ||    60
         Punch             |     1 |     3 |     1 |       ||     5
  Throw: Dart              |     2 |    13 |    11 |     4 ||    30
   Cast: Beastly Appendage |    19 |    30 |     1 |       ||    50
         Wereblood         |       |     5 |     8 |    32 ||    45
         Ice Form          |       |     3 |    18 |    53 ||    74
         Blade Hands       |       |       |       |     1 ||     1
Ability: Lunge             |       |       |     6 |    33 ||    39
         Whirlwind         |       |       |     2 |     9 ||    11
  Evoke: Wand              |       |       |       |     9 ||     9
    Use: Scroll            |       |       |     8 |    12 ||    20
         Potion            |       |       |     2 |     8 ||    10
   Stab: Sleeping          |     6 |     2 |     1 |       ||     9
         Paralysed         |       |       |       |     4 ||     4
 Armour: Skin              |     5 |    16 |    30 |   126 ||   177
  Dodge: Dodged            |    29 |    45 |    64 |   145 ||   283
  Block: Other             |       |    30 |    29 |   101 ||   160
         Reflection        |       |     2 |     1 |     3 ||     6

Table legend: (Time is in decaauts)
 A = Elapsed time spent in this place.
 B = Non-inter-level travel time spent in this place.
 C = Inter-level travel time spent in this place.
 D = Time resting spent in this place.
 E = Time spent auto-exploring this place.
 F = Levels seen in this place.
 G = Mean time per level.
                   A        B        C        D        E       F      G
               +--------+--------+--------+--------+--------+-----+--------+
         Total |  15297 |  14681 |    616 |   2791 |   8912 |  13 | 1176.7 |
       Dungeon |  10151 |   9717 |    434 |   1691 |   5921 |   9 | 1127.9 |
        Temple |    204 |    186 |     18 |      0 |    155 |   1 |  204.0 |
          Lair |   4941 |   4777 |    164 |   1100 |   2836 |   3 | 1647.0 |
               +--------+--------+--------+--------+--------+-----+--------+

Top non-repeatable levels by time:
  Lair:1: 2287 daAuts
     D:4: 1806 daAuts
     D:9: 1732 daAuts
  Lair:2: 1645 daAuts
     D:5: 1188 daAuts
     D:2: 1140 daAuts
     D:7: 1101 daAuts
  Lair:3: 1008 daAuts
     D:1: 963 daAuts
     D:3: 870 daAuts
     D:6: 740 daAuts
     D:8: 607 daAuts
  Temple: 204 daAuts
